 Dungeon Crawl Stone Soup version 0.28-a0-529-g3bad584f25 (webtiles) character file.

Game seed: 10603406618701323577

366 sanka the Changer (level 6, -2/43 HPs)
             Began as a Barachi Transmuter on Sept 24, 2021.
             Slain by a gnoll (5 damage)
             ... on level 4 of the Dungeon.
             The game lasted 00:05:59 (3613 turns).

sanka the Changer (Barachi Transmuter)              Turns: 3613, Time: 00:05:59

Health: -2/43      AC:  2    Str: 12    XL:     6   Next: 68%
Magic:  7/10       EV: 19    Int: 15    God:
Gold:   101        SH:  0    Dex: 17    Spells: 5/11 levels left

rFire   . . .      SeeInvis .     - Unarmed
rCold   . . .      Faith    .   (shield currently unavailable)
rNeg    . . .      Spirit   .   (armour currently unavailable)
rPois   x          Reflect  .   (helmet currently unavailable)
rElec   .          Harm     .   (cloak currently unavailable)
rCorr   .          Rampage  .   (gloves currently unavailable)
Will    .....                   (boots currently unavailable)
Stlth   ++........              (no amulet)
HPRegen 0.14/turn               (no ring)
MPRegen 0.12/turn               (no ring)

@: spider-form
A: venomous fangs, (amphibious), tiny, (slowness 1), (strong legs 1), +LOS
a: End Transformation


You were on level 4 of the Dungeon.
You were a venomous arachnid creature.
You visited 1 branch of the dungeon, and saw 4 of its levels.

You collected 101 gold pieces.


Innate Abilities, Weirdness & Mutations

You are a venomous arachnid creature.
You have poisonous fangs.
You are tiny and dextrous.
Your spellcasting is less reliable in this form.
Your armour is entirely melded.
You are incapable of wielding weapons or throwing items.
((You are amphibious.))
((You cover ground slowly.))
((You can hop short distances.))
You have an extended range of vision and can be seen from far away.


   Skills:
 - Level 1.2 Fighting
 - Level 2.1 Dodging
 - Level 3.2 Unarmed Combat
 - Level 3.0 Spellcasting
 + Level 7.2 Transmutations


You had 5 spell levels left.
You knew the following spells:

 Your Spells              Type           Power      Damage    Failure   Level
x - Spider Form           Tmut/Pois      6%         N/A       32%         3
y - Wereblood             Tmut           24%        N/A       7%          2
z - Beastly Appendage     Tmut           48%        N/A       5%          1

Your spell library contained the following spells:

 Spells                   Type           Power      Damage    Failure   Level
 Pain                     Necr           8%         1d4       41%         1
 Blink                    Tloc           N/A        N/A       52%         2
 Ice Form                 Ice/Tmut       13%        N/A       63%         4
 Lesser Beckoning         Tloc           2%         N/A       73%         3
 Agony                    Necr           2%         N/A       100%        5
 Excruciating Wounds      Necr           1%         N/A       100%        5
 Manifold Assault         Tloc           2%         N/A       100%        5

Inventory:

Missiles
 m - 28 poisoned darts
Armour
 a - a +0 robe (melded)
 d - a +0 cloak (melded)
Scrolls
 b - a scroll of magic mapping {unknown}
 c - a scroll of vulnerability {unknown}
 e - 2 scrolls of identify {unknown}
 f - 2 scrolls of amnesia {unknown}
 h - a scroll of noise {unknown}
 i - 2 scrolls of immolation {unknown}
 j - a scroll of enchant armour {unknown}
 l - a scroll of fog {unknown}
Potions
 g - a potion of heal wounds {unknown}
 k - 2 potions of flight {unknown}
 n - a potion of resistance {unknown}
 o - 2 potions of curing {unknown}

Dungeon Overview and Level Annotations

Branches:
Dungeon (4/15)
 Temple: D:4-7

Altars:

.............. .▒▒
............. ....
...........▒ ...
...........▒ ...
...........▒ ▒.▒
.▒.........▒▒ ▒.▒
▒▒▒......gg▒▒ +▒.▒+ .▒
▒▒.......g▒▒▒...▒▒▒....
▒▒▒▒▒...gg.s.8........
▒▒...▒▒▒...▒▒▒... ▒..▒▒
+▒.▒+ ▒.▒▒ ▒.▒ . ▒.▒
▒▒.▒▒ . ▒.▒ ▒▒...▒▒ .▒▒
▒.▒▒▒▒.....▒▒▒▒.▒ ▒.▒
▒...............▒ ▒.▒
▒▒▒▒▒▒▒▒.▒▒▒▒▒▒▒▒ ▒.▒


You could see a gnoll shaman and 3 gnolls.


Message History

You tear a large gash into the net.
You hear the slow hiss of a very distant avalanche of sand.
A gnoll comes into view. It is wielding a +0 club.
You struggle against the net.
A gnoll comes into view. It is wielding a +0 flail.
You struggle against the net.
The gnoll shouts!
The gnoll shaman calls upon its god to speed up the gnoll.
The gnoll seems to speed up.
The gnoll shouts!
You struggle against the net.
You shred the net and break free!
The gnoll hits you from afar with a +0 spear.
The gnoll hits you from afar with a +0 spear.
The gnoll shaman calls upon its god to speed up the gnoll.
The gnoll seems to speed up.
The gnoll hits you from afar with a +0 halberd.
The gnoll hits you from afar with a +0 spear.
The gnoll hits you from afar with a +0 halberd!
* * * LOW HITPOINT WARNING * * *
The gnoll barely misses you.
The gnoll hits you from afar with a +0 spear.
* * * LOW HITPOINT WARNING * * *
The gnoll hits you from afar with a +0 spear.
* * * LOW HITPOINT WARNING * * *
The gnoll misses you. The gnoll completely misses you.
You turn into a venomous arachnid creature.
The gnoll hits you from afar with a +0 spear.
You die...

Action                   |  1- 3 |  4- 6 || total
-------------------------+-------+-------++-------
Melee: Unarmed           |   125 |    63 ||   188
       Kick              |    24 |     1 ||    25
       Headbutt          |     9 |     4 ||    13
       Punch             |     1 |       ||     1
 Cast: Beastly Appendage |    28 |     5 ||    33
       Spider Form       |     1 |     5 ||     6
 Stab: Sleeping          |     1 |       ||     1
Armor: Robe              |    24 |    13 ||    37
       Skin              |       |     2 ||     2
Dodge: Dodged            |    66 |    53 ||   119

Levels and vault maps discovered:
D:1:      minmay_arrival_five_plusses, layout_basic
D:2:      layout_basic, minmay_misc_feat_plants
D:3:      layout_rooms, dk_noncrumbling_4, item_on_display_a
D:4:      cheibrodos_barr_body, layout_cave_pods,
          lightli_ossuary_entry_decrepit_ruins, uniq_eustachio

Notes
Turn   | Place    | Note
-------+----------+-------------------------------------------
     0 | D:1      | sanka the Barachi Transmuter began the quest for the Orb.
     0 | D:1      | Reached XP level 1. HP: 15/15 MP: 3/3
   324 | D:1      | Reached XP level 2. HP: 21/21 MP: 2/5
   731 | D:1      | HP: 2/21 [quokka (3)]
   736 | D:1      | Reached skill level 3 in Transmutations
  1194 | D:1      | Reached XP level 3. HP: 22/26 MP: 5/7
  1401 | D:1      | Reached skill level 3 in Spellcasting
  1707 | D:2      | Learned a level 2 spell: Wereblood
  1711 | D:2      | Learned a level 3 spell: Spider Form
  2780 | D:3      | Reached skill level 4 in Transmutations
  2787 | D:3      | Reached XP level 4. HP: 24/32 MP: 8/8
  3480 | D:4      | Noticed a black bear
  3491 | D:4      | Reached skill level 5 in Transmutations
  3491 | D:4      | Reached XP level 5. HP: 27/37 MP: 6/9
  3494 | D:4      | Killed a black bear
  3495 | D:4      | Reached skill level 6 in Transmutations
  3504 | D:4      | Noticed an ogre
  3517 | D:4      | Killed an ogre
  3518 | D:4      | Reached XP level 6. HP: 30/43 MP: 6/10
  3568 | D:4      | Reached skill level 7 in Transmutations
  3611 | D:4      | HP: 3/43 [gnoll (4)]
  3613 | D:4      | Slain by a gnoll

Vanquished Creatures
  A black bear (D:4)
  An ogre (D:4)
  A bullfrog (D:4)
  A howler monkey (D:4)
  An adder (D:2)
  An ufetubus (D:3)
  A dart slug (D:3)
  5 orcs (D:3)
  4 ball pythons
  4 endoplasms (D:1)
  4 giant cockroaches
  7 goblins
  6 hobgoblins
  5 quokkas
  A bat (D:1)
  8 frilled lizards
  7 kobolds
  6 rats
64 creatures vanquished.
